 Dungeon Crawl Stone Soup version 0.29.1-13-g9f3cf754e1 (webtiles) character file.

Game seed: 6097746709490849684

84 Ast3rio the Covered (level 4, 0/40 HPs)
             Began as a Minotaur Fighter on Feb 8, 2023.
             Slain by a goblin
             ... wielding a +0 club
              (3 damage)
             ... on level 3 of the Dungeon.
             The game lasted 00:06:36 (1116 turns).

Ast3rio the Covered (Minotaur Fighter)              Turns: 1116, Time: 00:06:36

Health: 0/40       AC:  7    Str: 23    XL:     4   Next: 23%
Magic:  3/3        EV:  9    Int:  5    God:
Gold:   44         SH:  4    Dex:  9    Spells: 3/3 levels left

rFire   . . .      SeeInvis +   a - +1 long sword
rCold   . . .      Faith    .   c - +0 buckler
rNeg    . . .      Spirit   .   b - +0 scale mail
rPois   .          Reflect  .   (helmet restricted)
rElec   .          Harm     .   (no cloak)
rCorr   .          Rampage  .   (no gloves)
Will    .....                   (no boots)
Stlth   ..........              (no amulet)
HPRegen 0.13/turn               k - ring of see invisible
MPRegen 0.08/turn               (no ring)

@: mighty
A: horns 2, retaliatory headbutt
a: no special abilities


You were on level 3 of the Dungeon.
You visited 1 branch of the dungeon, and saw 3 of its levels.

You collected 44 gold pieces.

Inventory:

Hand Weapons
 a - a +1 long sword (weapon)
Armour
 b - a +0 scale mail (worn)
 c - a +0 buckler (worn)
Jewellery
 k - a ring of see invisible (left hand)
Scrolls
 f - 2 scrolls of teleportation {unknown}
 g - a scroll of enchant weapon
 h - 3 scrolls of butterflies
 i - 2 scrolls of immolation {unknown}
 j - a scroll of identify {unknown}
 l - a scroll of poison {unknown}
Potions
 d - a potion of might
 e - a potion of degeneration {unknown}
 m - a potion of ambrosia {unknown}


   Skills:
 + Level 4.2 Fighting
 + Level 3.5 Long Blades
 + Level 4.3 Armour
 + Level 0.5 Dodging
 + Level 0.1 Stealth
 + Level 4.2 Shields


You had 3 spell levels left.
You didn't know any spells.
Your spell library was empty.

Dungeon Overview and Level Annotations

Branches:
Dungeon (3/15)

Altars:
Xom


Innate Abilities, Weirdness & Mutations

You have a pair of horns on your head.
You reflexively headbutt those who attack you in melee.


Message History

You barely miss the adder.
Jessica shouts!
You headbutt the adder.
You kill the adder!
The goblin unwields a +0 sling.
The goblin wields a +0 club.
The goblin hits you but does no damage. The hobgoblin closely misses you.
The goblin hits you but does no damage. The hobgoblin hits you.
* * * LOW HITPOINT WARNING * * *
You see here an adder corpse.
The goblin attacks as you move away! You block the goblin's attack.
The goblin unwields a +0 club.
The goblin wields a +0 sling.
The goblin shoots a sling bullet.
You block the sling bullet. The hobgoblin closely misses you.
You slash Jessica! You headbutt Jessica, but do no damage.
Jessica is almost dead.
The goblin shoots a sling bullet.
The sling bullet barely misses you. The hobgoblin hits you.
* * * LOW HITPOINT WARNING * * *
You block Jessica's attack.
You slash Jessica!
You kill Jessica!
The goblin shoots a sling bullet.
The sling bullet misses you. The hobgoblin closely misses you.
The goblin shoots a sling bullet.
The sling bullet hits you but does no damage.
You have reached level 4!
You feel stronger.
You feel very mighty all of a sudden.
The hobgoblin hits you but does no damage.
The goblin shoots a sling bullet.
The sling bullet closely misses you.
You slash the endoplasm!
You kill the endoplasm!
The hobgoblin barely misses you.
The goblin shoots a sling bullet.
The sling bullet barely misses you. The hobgoblin hits you.
* * * LOW HITPOINT WARNING * * *
The hobgoblin barely misses you. You furiously retaliate!
You headbutt the hobgoblin!
You kill the hobgoblin!
The goblin unwields a +0 sling.
The goblin wields a +0 club.
The goblin hits you with a +0 club.
You die...

#.≈ ≈...≈ #.. .....
#..§§§..≈...§
#####..§§§$........
......≈...≈...≈...§
...................
...$....≈...≈...§....#
.......@g$...........#
......≈...≈...≈...≈..#
......).†......§.....#
........≈...≈...≈....#
#.##.................#
# ##.≈...≈...≈...≈..#
...............).#.#
#######.#..#####...#
.....## ##.###


You could see a goblin.

Vanquished Creatures
  Jessica (D:3)
  2 adders
  3 dart slugs
  A bat (D:1)
  3 endoplasms
  3 giant cockroaches
  2 goblins
  4 hobgoblins
  4 jackals (D:2)
  A quokka (D:1)
  3 ball pythons
  A frilled lizard (D:1)
  A kobold (D:2)
  3 rats (D:1)
32 creatures vanquished.

Notes
Turn   | Place    | Note
-------+----------+-------------------------------------------
     0 | D:1      | Ast3rio the Minotaur Fighter began the quest for the Orb.
     0 | D:1      | Reached XP level 1. HP: 19/19 MP: 0/0
   247 | D:1      | Reached XP level 2. HP: 26/27 MP: 1/1
   614 | D:2      | Reached XP level 3. HP: 27/33 MP: 2/2
   680 | D:2      | Found a shimmering altar of Xom.
   693 | D:2      | Became a worshipper of Xom of Chaos
  1039 | D:2      | Fell from the grace of Xom
  1107 | D:3      | Noticed Jessica
  1112 | D:3      | Killed Jessica
  1113 | D:3      | Reached XP level 4. HP: 5/40 MP: 3/3
  1116 | D:3      | Slain by a goblin

Illustrated notes

Levels and vault maps discovered:
D:1:      dpeg_arrival_yet_another_circle, layout_basic, minmay_tromino_v2
D:2:      layout_loops_ring, basic_altar
D:3:      layout_basic, nzn_wu_jian_contemplation, kennysheep_crisscross,
          minmay_misc_feat_square, uniq_terence, uniq_robin, uniq_jessica

Skill      XL: |  1  2  3 |
---------------+----------+-----
Armour         | 4 |  4.3
Shields        | 4 |  4.2
Long Blades    | 3 |  3.5
Fighting       | 4 |  4.2
Dodging        | |  0.5
Stealth        | |  0.1

Action                   |  1- 3 |  4- 6 || total
-------------------------+-------+-------++-------
Melee: Long sword        |    58 |     1 ||    59
       Headbutt          |    15 |       ||    15
Invok: Renounce Religion |     1 |       ||     1
  Use: Scroll            |     2 |       ||     2
       Potion            |       |     1 ||     1
Armor: Scale mail        |    36 |     1 ||    37
Dodge: Dodged            |    41 |     4 ||    45
Block: Buckler           |    20 |       ||    20
